 Dungeon Crawl Stone Soup version 0.29.1-12-g30fa7ad0bf (webtiles) character file.

Game seed: 4467314081756212953

1081 croobank the Conjurer (level 8, -8/60 HPs)
             Began as a Demonspawn Conjurer on Jan 8, 2023.
             Was an Initiate of Gozag.
             Mangled by an orc warrior
             ... wielding a +0 mace
              (18 damage)
             ... on level 6 of the Dungeon.
             The game lasted 00:22:53 (6453 turns).

croobank the Conjurer (Demonspawn Conjurer)         Turns: 6453, Time: 00:22:53

Health: -8/60      AC:  2    Str: 11    XL:     8   Next: 8%
Magic:  11/22      EV: 13    Int: 21    God:    Gozag
Gold:   594        SH:  4    Dex: 13    Spells: 5/14 levels left

rFire   . . .      SeeInvis .   w - +11 short sword of the Dark Horse {flame, MP+9 Str+4}
rCold   . . .      Faith    .   (no shield)
rNeg    . . .      Spirit   .   e - +0 robe
rPois   .          Reflect  .   (helmet restricted)
rElec   .          Harm     .   (no cloak)
rCorr   +          Rampage  .   (no gloves)
Will    .....                   (no boots)
Stlth   ++........              (no amulet)
HPRegen 0.20/turn               B - ring of resist corrosion
MPRegen 0.18/turn               (no ring)

@: no status effects
A: antennae 2, claws 1, powered by pain 1, condensation shield
a: Renounce Religion, Potion Petition, Call Merchant, Bribe Branch


You were on level 6 of the Dungeon.
You worshipped Gozag.
Gozag was pleased with you.
You visited 1 branch of the dungeon, and saw 6 of its levels.

You collected 707 gold pieces.
You spent 88 gold pieces at shops.
You paid 25 gold pieces to Gozag.

Inventory:

Hand Weapons
 a - a +0 short sword
 f - a +0 dagger
 h - a +0 long sword
 q - a +4 war axe
 r - the +8 trident of the Octopus King {venom, rElec rPois}
   (You took it off a hobgoblin on level 3 of the Dungeon)

   It poisons the flesh of those it strikes.
   rElec:     It insulates you from electricity.
   rPois:     It protects you from poison.
 w - the +11 short sword of the Dark Horse (weapon) {flame, MP+9 Str+4}
   (You found it on level 4 of the Dungeon)

   It burns those it strikes, dealing additional fire damage.
   Str:       It affects your strength (+4).
   MP:        It affects your magic capacity (+9).
Missiles
 o - 13 boomerangs
 E - 2 poisoned darts
Armour
 e - a +0 robe (worn)
Magical Staves
 k - a staff of poison
Jewellery
 B - a ring of resist corrosion (left claw)
Wands
 l - a wand of roots (29)
 u - a wand of digging (5)
 A - a wand of flame (24)
 C - a wand of acid (4)
 D - a wand of mindburst (10)
Scrolls
 i - a scroll of fear
 n - a scroll of summoning
 s - a scroll of vulnerability {unknown}
 v - 3 scrolls of identify
 y - a scroll of poison
Potions
 b - a potion of magic
 c - 2 potions of flight
 d - 2 potions of curing
 g - 2 potions of resistance
 j - 2 potions of attraction
 m - 2 potions of haste
 p - a potion of brilliance
 t - a potion of berserk rage
 x - a potion of cancellation
 z - a potion of heal wounds


   Skills:
 + Level 4.2 Fighting
 + Level 0.9 Short Blades
 + Level 3.6 Dodging
 + Level 4.0 Stealth
 + Level 3.9 Spellcasting
 + Level 5.3 Conjurations
 + Level 2.8 Hexes
 * Level 1.7 Summonings


You had 5 spell levels left.
You knew the following spells:

 Your Spells              Type           Power      Damage    Failure   Level
a - Magic Dart            Conj           100%       1d8       1%          1
b - Searing Ray           Conj           52%        2d6       1%          2
c - Dazzling Flash        Conj/Hex       42%        N/A       7%          3
d - Summon Guardian Gole  Hex/Summ       13%        N/A       14%         3

Your spell library contained the following spells:

 Spells                   Type           Power      Damage    Failure   Level
 Summon Small Mammal      Summ           44%        N/A       6%          1
 Call Canine Familiar     Summ           11%        N/A       19%         3
 Fulminant Prism          Conj/Hex       10%        3d9       22%         4
 Iskenderun's Mystic Bla  Conj/Tloc      15%        2d5       36%         4
 Starburst                Conj/Fire      7%         6d4       99%         6


Dungeon Overview and Level Annotations

Branches:
Dungeon (6/15)
 Temple: D:4-7

Altars:
Gozag
Hepliaklqana

Shops:
D:2 *:(   D:5 (   D:6 (

Annotations:
D:2 Sigmund


Innate Abilities, Weirdness & Mutations

You have a pair of antennae on your head.
You have sharp fingernails.
You sometimes gain a little power by taking damage.
A meltable shield of frost defends you. (SH +4)


Message History

The orc warrior is lightly wounded.
The orc warrior hits you with a +0 mace!
The searing ray hits the orc warrior but does no damage.
The orc warrior is lightly wounded.
The orc warrior hits you with a +0 mace!
The searing ray hits the orc warrior.
The orc warrior is moderately wounded.
You finish channelling your searing ray.
The orc warrior hits you with a +0 mace.
You hit the orc warrior but do no damage.
The orc warrior is moderately wounded.
The orc warrior hits you with a +0 mace!
* * * LOW HITPOINT WARNING * * *
You puncture the orc warrior! You burn the orc warrior.
The orc warrior is severely wounded.
You block the orc warrior's attack.
You closely miss the orc warrior.
The orc warrior is severely wounded.
You block the orc warrior's attack.
You closely miss the orc warrior.
The orc warrior is severely wounded.
The orc warrior hits you with a +0 mace!
* * * LOW HITPOINT WARNING * * *
Casting: Searing Ray (safe; 1% risk of failure)
Confirm with . or Enter, or press ? or * to list all spells.
Aiming: Searing Ray (safe; 1% risk of failure)
Press: ? - help, Shift-Dir - straight line, f/p - orc warrior
Aim: an orc warrior, wielding a +0 mace and wearing a +0 plate armour (severely wounded, 79% to hit)
The searing ray hits the orc warrior but does no damage.
The orc warrior is severely wounded. (Press . to maintain the ray.)
The orc warrior misses you.
Casting: Searing Ray (safe; 1% risk of failure)
Confirm with . or Enter, or press ? or * to list all spells.
Casting: Dazzling Flash (dangerous; 7% risk of failure)
Press: ? - help, Dir - look around, f - activate The orc warrior is dazzled.
The orc warrior hits you with a +0 mace!!
You die...
Your body crumbles into a pile of gold.

....# #..# ....# #..# #.# .# #
....# #..# #.# .#.# #. ....# #..#
... ...# ###.##### ....# #..#
##.##...# #........ ....# #..#
.......#.#........ ....# #..#
#......#.#........
....#####..#.###.o....#.#........
...........#....@.# ###.#........
...........######)# ............
.............)))))# #.###...###
.........#.######## ##...#...#
...........# #........###
#.########## #.##.#......
#.#........###########.##.###.###
#.#.#..................##.# #.#
#.#.#.##...##########..##.# #.#


You could see an orc warrior (blind).

Vanquished Creatures
  An ice beast (D:5)
  A water moccasin (D:5)
  An ogre (D:4)
  A kobold brigand (D:6)
  A bullfrog (D:6)
  2 scorpions
  2 howler monkeys
  3 orc priests
  Jessica (D:3)
  An iguana (D:5)
  5 orc wizards
  5 gnolls
  4 adders
  2 white imps
  An ufetubus (D:5)
  A worm (D:4)
  3 dart slugs
  22 orcs
  3 bats
  2 endoplasms
  8 giant cockroaches
  5 hobgoblins
  2 jackals (D:2)
  4 quokkas
  2 ball pythons (D:4)
  3 frilled lizards
  3 goblins (D:1)
  12 kobolds
  3 rats
104 creatures vanquished.

Notes
Turn   | Place    | Note
-------+----------+-------------------------------------------
     0 | D:1      | croobank the Demonspawn Conjurer began the quest for the
                  | Orb.
     0 | D:1      | Reached XP level 1. HP: 13/13 MP: 3/3
   424 | D:1      | Discovered your monstrous ancestry.
   424 | D:1      | Gained mutation: You have a pair of small antennae on your
                  | head. [demonic ancestry]
   424 | D:1      | Reached XP level 2. HP: 19/19 MP: 1/5
   472 | D:1      | Learned a level 2 spell: Searing Ray
   863 | D:1      | Reached XP level 3. HP: 24/24 MP: 1/6
   915 | D:1      | Learned a level 3 spell: Dazzling Flash
  1514 | D:2      | Noticed Sigmund
  1632 | D:2      | Found Quilewel's Assorted Antiques.
  1640 | D:2      | Bought 2 scrolls labelled ERENLE QEQU for 44 gold pieces
  1679 | D:2      | Found an opulent altar of Gozag.
  1686 | D:2      | Became a worshipper of Gozag Ym Sagoz the Greedy
  2039 | D:2      | Found Jeuwahuc's Book Shop.
  2111 | D:2      | Found Ferul's Antique Weapon Emporium.
  2323 | D:3      | Noticed Jessica
  2329 | D:3      | Killed Jessica
  2330 | D:3      | Reached skill level 1 in Fighting
  2330 | D:3      | Reached XP level 4. HP: 32/32 MP: 2/7
  2657 | D:3      | Found a hazy altar of Hepliaklqana.
  3130 | D:2      | Bought a scroll labelled CIUWAE MAUX for 22 gold pieces
  3130 | D:2      | Bought a scroll labelled WEOVAGAFIE for 22 gold pieces
  3444 | D:3      | Gained mutation: A meltable shield of frost defends you.
                  | (SH +4) [demonic ancestry]
  3444 | D:3      | Reached XP level 5. HP: 38/38 MP: 4/9
  3720 | D:4      | Reached skill level 1 in Hexes
  4075 | D:4      | Gained mutation: You have sharp fingernails. [demonic
                  | ancestry]
  4075 | D:4      | Reached XP level 6. HP: 41/46 MP: 3/10
  4384 | D:4      | Identified the +11 short sword of the Dark Horse {flame,
                  | MP+9 Str+4}
  4685 | D:5      | Entered Level 5 of the Dungeon
  4850 | D:5      | Found Zoegyr's Antique Weapon Shop.
  4872 | D:5      | Noticed an ice beast
  4885 | D:5      | Killed an ice beast
  4886 | D:5      | Reached skill level 5 in Conjurations
  4886 | D:5      | Gained mutation: You sometimes gain a little power by
                  | taking damage. [demonic ancestry]
  4886 | D:5      | Reached XP level 7. HP: 34/52 MP: 12/12
  5445 | D:5      | Learned a level 3 spell: Summon Guardian Golem
  6189 | D:6      | Found Ucyap's Weapon Shoppe.
  6270 | D:6      | Reached skill level 1 in Summonings
  6308 | D:6      | Gained mutation: You have a pair of antennae on your head.
                  | [demonic ancestry]
  6308 | D:6      | Reached XP level 8. HP: 48/60 MP: 13/13
  6453 | D:6      | Mangled by an orc warrior

Illustrated notes

Levels and vault maps discovered:
D:1:      sevenhm_arrival_forest_fort_small_6, layout_basic, solitary_fountain
D:2:      layout_basic, serial_shops, nicolae_lakefront_shop, shop_statue, shop,
          basic_altar, chequers_serial_rivers_micro_d, uniq_sigmund
D:3:      layout_rooms, nicolae_hepliaklqana_hippocampus, uniq_jessica
D:4:      layout_loops_ring
D:5:      layout_loops_ring, nicolae_take_the_stairs
D:6:      layout_basic, serial_shops, nicolae_lakefront_shop

Skill      XL: |  1  2  3  4  5  6  7  8 |
---------------+-------------------------+-----
Stealth        | 2 3 4 |  4.0
Dodging        | 2 3 |  3.6
Fighting       | 1 2 3 4 |  4.2
Hexes          | 1 2 |  2.8
Spellcasting   | 3 |  3.9
Conjurations   | 5 |  5.3
Summonings     | 1 |  1.7
Short Blades   | |  0.9

Action                   |  1- 3 |  4- 6 |  7- 9 || total
-------------------------+-------+-------+-------++-------
Melee: Short sword       |    10 |    10 |    42 ||    62
       Trident           |       |     8 |       ||     8
 Cast: Magic Dart        |    33 |    34 |    12 ||    79
       Searing Ray       |    11 |    27 |    13 ||    51
       Dazzling Flash    |     1 |       |     1 ||     2
  Use: Scroll            |     3 |     9 |     4 ||    16
 Stab: Invisible         |     3 |       |       ||     3
       Sleeping          |       |     1 |     2 ||     3
Armor: Robe              |     4 |     2 |     6 ||    12
Dodge: Dodged            |    17 |    11 |    28 ||    56
Block: Other             |       |     3 |     8 ||    11
